 Dungeon Crawl Stone Soup version 0.30.0-20-g3615ddf2f0 (webtiles) character file.

Game seed: 976917045944374521

4332 qw the Cleaver (level 10, -11/64 HPs)
             Began as a Gargoyle Fighter on May 29, 2023.
             Was a Follower of Okawaru.
             Mangled by a two-headed ogre
             ... wielding a +0 giant club
              (26 damage)
             ... on level 9 of the Dungeon.
             The game lasted 00:03:12 (8173 turns).

qw the Cleaver (Gargoyle Fighter)                   Turns: 8173, Time: 00:03:13

Health: -11/64     AC: 23    Str: 25    XL:     10   Next: 33%
Magic:  12/13      EV: 10    Int:  8    God:    Okawaru [*.....]
Gold:   198        SH:  6    Dex:  9    Spells: 9/9 levels left

rFire   . . .        Y - +3 war axe (heavy)
rCold   . . .        c - +0 buckler
rNeg    + . .        n - +0 chain mail
rPois   inf          (no helmet)
rElec   +            (no cloak)
rCorr   .            m - +0 pair of gloves
SInv    +            e - +2 pair of boots
Will    .....        (no amulet) Stlth
                     f - ring of see invisible
HPRegen 0.30/turn    (no ring)
MPRegen 0.13/turn

%: no passive effects
@: about to teleport, heroic
A: sickness immunity, AC +7, negative energy resistance 1, electricity
resistance, torment resistance 1, petrification resistance
a: Renounce Religion, Heroism


You were on level 9 of the Dungeon.
You worshipped Okawaru.
Okawaru was aware of your devotion.
You visited 2 branches of the dungeon, and saw 10 of its levels.

You collected 595 gold pieces.
You spent 397 gold pieces at shops.


Innate Abilities, Weirdness & Mutations

You are immune to sickness and miasma.
Your stone body is resilient. (AC +7)
You are immune to poison.
You resist negative energy. (rN+)
You are resistant to electric shocks. (rElec)
You are resistant to unholy torment.
You are immune to petrification.


   Skills:
 - Level 8.0(13.0) Fighting
 + Level 10.4(15.4) Axes
 - Level 1.0(6.0) Throwing
 - Level 5.2(10.2) Armour
 - Level 1.5(6.5) Dodging
 - Level 5.1(10.1) Shields
 - Level 4.1 Invocations


You had 9 spell levels left.
You didn't know any spells.
Your spell library was empty.

Inventory:

Hand Weapons
 i - a +0 morningstar
 Y - a +3 heavy war axe (weapon)
Missiles
 j - 4 boomerangs (quivered)
Armour
 c - a +0 buckler (worn)
 e - a +2 pair of boots (worn)
 m - a +0 pair of gloves (worn)
 n - a +0 chain mail (worn)
 o - a +0 cloak
Jewellery
 f - a ring of see invisible (left hand)
Scrolls
 a - 7 scrolls of identify
 h - 3 scrolls of teleportation
Potions
 b - 2 potions of curing
 d - 2 potions of might
 g - 5 potions of attraction
 k - 2 potions of heal wounds
 l - 2 potions of cancellation
 p - a potion of lignification
 q - a potion of resistance
 r - a potion of flight {unknown}
 s - a potion of mutation

Dungeon Overview and Level Annotations

Branches:
Dungeon (9/15)             Temple (1/1) D:5             Orc (0/2) D:9
   Lair: D:8-11

Altars:
Ashenzari
Cheibriados
Dithmenos
Elyvilon
Fedhas
Gozag
Hepliaklqana
Kikubaaqudgha
Makhleb
Nemelex Xobeh
Okawaru
Qazlal
Ru
Sif Muna
Trog
Uskayaw
Vehumet
Wu Jian
Xom
Yredelemnul
Zin
The Shining One

Shops:
D:3 [   D:6 *   D:9 (**


Message History

Enter note:
Enter note:
Enter note:
Enter note:
Enter note:
Enter note:
8163 ||| INVOKING Heroism.
You gain the combat prowess of a mighty hero.
You hit the orc.
The orc is heavily wounded.
You hit the two-headed ogre.
The two-headed ogre is lightly wounded.
You slice the two-headed ogre!!
The two-headed ogre is moderately wounded.
The two-headed ogre barely misses you. x2
You hit the two-headed ogre but do no damage.
The two-headed ogre is moderately wounded.
You completely miss the two-headed ogre.
The two-headed ogre is moderately wounded.
The two-headed ogre closely misses you. The two-headed ogre barely misses you.
The orc wizard mumbles some strange words.
The orc wizard flickers and vanishes for a moment.
You slash the two-headed ogre!
The two-headed ogre is heavily wounded.
The two-headed ogre hits you but does no damage. x2
You completely miss the two-headed ogre.
The two-headed ogre is heavily wounded.
The two-headed ogre hits you with a +0 giant club!
The two-headed ogre hits you with a +0 giant spiked club.
You completely miss the two-headed ogre.
The two-headed ogre is heavily wounded.
You hit the two-headed ogre.
The two-headed ogre is heavily wounded.
The two-headed ogre hits you with a +0 giant club!
The two-headed ogre hits you with a +0 giant spiked club!
8173 ||| READING 4 scrolls of teleportation.
As you read the scroll of teleportation, it crumbles to dust.
You feel strangely unstable.
The two-headed ogre hits you with a +0 giant club!!
You die...

.#...#......#...#...'.....#..#
#.#..############...#.....#'##
##.........#....#...#.....#..#
######.....'....##'#####.....#
..# #.##########...#..#.....#
..# #.# ..... #...#..#..#..#
### ### ..#...##..##.##.....#
.#.#oo#...#..'......#
#?#.#oO@..#..#...#..#
.#.#..#|..#..#...#..# ..#..
#####..#...#..# ....
#..#...#### ### #..#......#
#..#......# #################
#..#...#### ................#
#..##'##..#
.........<......####.........#


You could see a two-headed ogre, an orc wizard (invisible) and 2 orcs.

Vanquished Creatures
  A cyclops (D:7)
  A hornet (D:7)
  Grinder (D:4)
  Sigmund (D:5)
  Edmund (D:3)
  A water moccasin (D:8)
  An ice beast (D:6)
  2 orc warriors
  3 ogres
  3 black bears
  2 centaurs
  2 phantoms (D:5)
  Blork the orc (D:5)
  3 bullfrogs
  8 wights
  9 killer bees (D:9)
  5 howler monkeys
  2 hounds
  2 jellies
  3 orc priests
  A gnoll bouda (D:7)
  9 orc wizards
  2 sleepcaps
  5 iguanas
  4 gnolls (D:7)
  2 adders
  A shadow imp (D:5)
  A white imp (D:7)
  2 worms
  4 dart slugs
  34 orcs
  7 endoplasms
  4 giant cockroaches
  7 goblins
  6 hobgoblins
  2 jackals (D:2)
  3 kobolds
  2 quokkas
  7 ball pythons
  4 bats
  2 frilled lizards (D:2)
  4 rats
165 creatures vanquished.

Notes
Turn   | Place    | Note
-------+----------+-------------------------------------------
     0 | D:1      | qw the Gargoyle Fighter began the quest for the Orb.
     0 | D:1      | Reached XP level 1. HP: 14/14 MP: 1/1
     0 | D:1      | 0 ||| qw: Version: 0.2-a-102-g2b76a06
     0 | D:1      | 0 ||| qw: Game counter: 425
     0 | D:1      | 0 ||| qw: Always use a shield: true
     0 | D:1      | 0 ||| qw: God list: Okawaru
     0 | D:1      | 0 ||| qw: Allow faded altars: false
     0 | D:1      | 0 ||| qw: Do Orc after D:15 true
     0 | D:1      | 0 ||| qw: Do second Lair branch before Depths: true
     0 | D:1      | 0 ||| qw: Lair rune preference: random
     0 | D:1      | 0 ||| qw: Plans: Normal, Zot:1-4, Slime:5, God:TSO, Crypt,
                  | Tomb, Pan, Hells, Abyss, Win
     0 | D:1      | 0 ||| PLANNING D:1-11
    60 | D:1      | Reached skill level 2 in Axes
   163 | D:1      | Reached XP level 2. HP: 19/19 MP: 2/2
   164 | D:1      | 164 ||| Stepping ~*~*~tactically~*~*~ (stealth).
   576 | D:1      | 576 ||| UPGRADING to +2 pair of boots.
   581 | D:1      | 581 ||| READING 3 scrolls labelled TOESUJ UTIPP.
   582 | D:1      | 582 ||| DRINKING 3 amethyst potions.
   583 | D:1      | 583 ||| READING 2 scrolls of identify.
   583 | D:1      | 583 ||| IDENTIFYING pink potion
   584 | D:1      | 584 ||| DROPPING potion of invisibility.
   594 | D:2      | Reached skill level 3 in Axes
   594 | D:2      | 594 ||| STAIRDANCE
   634 | D:2      | Reached XP level 3. HP: 23/23 MP: 3/3
   698 | D:2      | 698 ||| Stepping ~*~*~tactically~*~*~ (stealth).
   936 | D:2      | Found a radiant altar of Vehumet.
  1065 | D:2      | 1065 ||| Stepping ~*~*~tactically~*~*~ (stealth).
  1276 | D:2      | 1276 ||| UPGRADING to +0 chain mail.
  1286 | D:2      | 1286 ||| DROPPING +0 scale mail.
  1287 | D:2      | 1287 ||| READING 2 scrolls labelled QEF YSTIEKUY.
  1288 | D:2      | 1288 ||| READING scroll of enchant weapon.
  1288 | D:2      | 1288 ||| ENCHANTING +1 war axe.
  1289 | D:2      | 1289 ||| READING scroll labelled ALLAUH CENIME.
  1290 | D:2      | 1290 ||| READING scroll labelled JYOCRY GEBUU.
  1291 | D:2      | 1291 ||| READING scroll labelled UFEQ GOPNUOZOA.
  1392 | D:2      | 1392 ||| DRINKING 2 smoky puce potions.
  1393 | D:2      | 1393 ||| READING 4 scrolls of identify.
  1393 | D:2      | 1393 ||| IDENTIFYING sedimented golden potion
  1394 | D:2      | 1394 ||| READING 3 scrolls of identify.
  1394 | D:2      | 1394 ||| IDENTIFYING grey potion
  1395 | D:2      | 1395 ||| DROPPING potion of magic.
  1514 | D:3      | Noticed an animated crystal plate armour
  1516 | D:3      | Noticed an animated crystal plate armour
  1517 | D:3      | Found Ducaukh's Armour Emporium.
  1533 | D:3      | 1533 ||| READING scroll of enchant weapon.
  1533 | D:3      | 1533 ||| ENCHANTING +2 war axe.
  1541 | D:3      | 1541 ||| SHOPLISTING +2 acid dragon scales (728 gold, have
                  | 88).
  1541 | D:3      | 1541 ||| SHOPLISTING +2 helmet of see invisible (301 gold,
                  | have 88).
  1615 | D:3      | Reached XP level 4. HP: 28/28 MP: 4/4
  2148 | D:3      | 2148 ||| Stepping ~*~*~tactically~*~*~ (hiding).
  2149 | D:3      | 2149 ||| Stepping ~*~*~tactically~*~*~ (hiding).
  2151 | D:3      | 2151 ||| Stepping ~*~*~tactically~*~*~ (hiding).
  2161 | D:3      | Reached skill level 4 in Axes
  2295 | D:3      | 2295 ||| READING scroll labelled FOMUGU ZYGGU.
  2300 | D:3      | 2300 ||| READING scroll labelled SAPTOE BASO.
  2301 | D:3      | 2301 ||| DRINKING 3 viscous brown potions.
  2316 | D:4      | Noticed Edmund
  2321 | D:4      | 2321 ||| STAIRDANCE
  2328 | D:3      | HP: 5/28 [Edmund/+4 dire flail of holy wrath (4)]
  2329 | D:3      | 2329 ||| DRINKING potion of heal wounds.
  2337 | D:3      | Killed Edmund
  2338 | D:3      | Reached skill level 5 in Axes
  2338 | D:3      | Reached XP level 5. HP: 13/32 MP: 5/5
  2439 | D:4      | 2439 ||| Stepping ~*~*~tactically~*~*~ (stealth).
  2444 | D:4      | 2444 ||| Stepping ~*~*~tactically~*~*~ (stealth).
  2515 | D:4      | 2515 ||| Stepping ~*~*~tactically~*~*~ (stealth).
  2521 | D:4      | Reached XP level 6. HP: 35/38 MP: 6/6
  2535 | D:4      | 2535 ||| Stepping ~*~*~tactically~*~*~ (stealth).
  2712 | D:4      | HP: 6/38 [ogre/+0 giant club (14)]
  2713 | D:4      | 2713 ||| READING scroll of teleportation.
  2714 | D:4      | 2714 ||| DRINKING potion of heal wounds.
  2814 | D:4      | 2814 ||| Stepping ~*~*~tactically~*~*~ (stealth).
  2815 | D:4      | Noticed Grinder
  2816 | D:4      | 2816 ||| Stepping ~*~*~tactically~*~*~ (hiding).
  2823 | D:4      | Killed Grinder
  2824 | D:4      | Reached skill level 6 in Axes
  2824 | D:4      | Reached XP level 7. HP: 41/43 MP: 7/7
  2881 | D:4      | Reached skill level 1 in Dodging
  2970 | D:4      | 2970 ||| READING scroll labelled MUUWUK AQUSHA.
  3011 | D:5      | Entered Level 5 of the Dungeon
  3011 | D:5      | Found a staircase to the Ecumenical Temple.
  3012 | D:5      | 3012 ||| PLANNING TEMPLE
  3012 | D:5      | 3012 ||| STAIRDANCE
  3016 | D:5      | 3016 ||| STAIRDANCE
  3020 | D:5      | 3020 ||| STAIRDANCE
  3024 | D:5      | 3024 ||| STAIRDANCE
  3031 | D:4      | 3031 ||| DROPPING +0 whip.
  3077 | Temple   | Entered the Ecumenical Temple
  3241 | Temple   | 3241 ||| PLANNING D:1-11
  3258 | D:5      | 3258 ||| Stepping ~*~*~tactically~*~*~ (stealth).
  3258 | D:5      | Noticed Sigmund
  3259 | D:5      | 3259 ||| Stepping ~*~*~tactically~*~*~ (hiding).
  3261 | D:5      | 3261 ||| Stepping ~*~*~tactically~*~*~ (stealth).
  3270 | D:5      | 3270 ||| FLEEEEING.
  3271 | D:5      | 3271 ||| FLEEEEING.
  3272 | D:5      | 3272 ||| FLEEEEING.
  3273 | D:5      | 3273 ||| FLEEEEING.
  3274 | D:5      | 3274 ||| FLEEEEING.
  3275 | D:5      | 3275 ||| FLEEEEING.
  3277 | D:5      | 3277 ||| STAIRDANCE
  3308 | D:5      | Killed Sigmund
  3309 | D:5      | Reached skill level 7 in Axes
  3359 | D:5      | Reached XP level 8. HP: 48/48 MP: 8/8
  3386 | D:5      | Reached skill level 1 in Throwing
  3442 | D:5      | Reached skill level 8 in Axes
  3484 | D:5      | Noticed Blork the orc
  3495 | D:5      | Killed Blork the orc
  3498 | D:5      | Reached skill level 6 in Fighting
  3804 | D:5      | 3804 ||| SWAPPING to +2 heavy war axe.
  3805 | D:5      | 3805 ||| DROPPING +3 war axe.
  3937 | D:5      | 3937 ||| Stepping ~*~*~tactically~*~*~ (hiding).
  3938 | D:5      | 3938 ||| Stepping ~*~*~tactically~*~*~ (hiding).
  4159 | D:5      | 4159 ||| UPGRADING to ring of see invisible.
  4198 | D:6      | 4198 ||| Stepping ~*~*~tactically~*~*~ (hiding).
  4398 | D:6      | Found a hazy altar of Hepliaklqana.
  4398 | D:6      | Found an iron altar of Okawaru.
  4399 | D:6      | 4399 ||| PLANNING OKAWARU WORSHIP
  4399 | D:6      | Found a broken altar of Ashenzari.
  4415 | D:6      | HP: 12/51 [ice beast (9)]
  4416 | D:6      | 4416 ||| READING 2 scrolls of teleportation.
  4419 | D:6      | Reached skill level 9 in Axes
  4419 | D:6      | Reached XP level 9. HP: 15/55 MP: 9/9
  4563 | D:6      | Became a worshipper of Warmaster Okawaru
  4563 | D:6      | 4563 ||| PLANNING D:1-11
  4571 | D:6      | 4571 ||| Stepping ~*~*~tactically~*~*~ (hiding).
  4572 | D:6      | 4572 ||| Stepping ~*~*~tactically~*~*~ (hiding).
  5099 | D:6      | Found Jucoh's Assorted Antiques.
  5103 | D:6      | 5103 ||| BUYING 2 sapphire potions (48 gold).
  5103 | D:6      | Bought 2 sapphire potions for 48 gold pieces
  5103 | D:6      | 5103 ||| BUYING brown potion (24 gold).
  5103 | D:6      | Bought a brown potion for 24 gold pieces
  5103 | D:6      | 5103 ||| BUYING green potion (24 gold).
  5103 | D:6      | Bought a green potion for 24 gold pieces
  5103 | D:6      | 5103 ||| SHOPLISTING plate armour (621 gold, have 254).
  5103 | D:6      | 5103 ||| BUYING potion of might (108 gold).
  5103 | D:6      | Bought a potion of might for 108 gold pieces
  5103 | D:6      | 5103 ||| SHOPLISTING scroll of enchant weapon (202 gold,
                  | have 146).
  5103 | D:6      | 5103 ||| SHOPLISTING shiny ring mail (189 gold, have 146).
  5287 | D:6      | 5287 ||| READING scroll labelled MUMUG WEPEK.
  5288 | D:6      | 5288 ||| DRINKING 2 sapphire potions.
  5289 | D:6      | 5289 ||| READING 8 scrolls of identify.
  5289 | D:6      | 5289 ||| IDENTIFYING silvery potion
  5290 | D:6      | 5290 ||| READING 7 scrolls of identify.
  5290 | D:6      | 5290 ||| IDENTIFYING brown potion
  5291 | D:6      | 5291 ||| READING 6 scrolls of identify.
  5291 | D:6      | 5291 ||| IDENTIFYING green potion
  5292 | D:6      | 5292 ||| DROPPING potion of brilliance.
  5331 | D:7      | 5331 ||| Stepping ~*~*~tactically~*~*~ (hiding).
  5343 | D:7      | Noticed a hornet
  5355 | D:7      | HP: 11/56 [orc warrior/+0 long sword (4)]
  5356 | D:7      | 5356 ||| READING 2 scrolls of teleportation.
  5356 | D:7      | HP: 3/56 [orc warrior/+0 long sword (4)]
  5357 | D:7      | 5357 ||| DRINKING potion of heal wounds.
  5358 | D:7      | HP: 1/56 [hornet (8)]
  5361 | D:7      | 5361 ||| Stepping ~*~*~tactically~*~*~ (stealth).
  5401 | D:7      | 5401 ||| READING scroll of teleportation.
  5403 | D:7      | 5403 ||| Stepping ~*~*~tactically~*~*~ (stealth).
  5424 | D:7      | 5424 ||| DRINKING 3 potions of curing.
  5424 | D:7      | 5424 ||| (to cure confusion)
  5477 | D:7      | 5477 ||| Stepping ~*~*~tactically~*~*~ (stealth).
  5478 | D:7      | 5478 ||| Stepping ~*~*~tactically~*~*~ (stealth).
  5479 | D:7      | 5479 ||| Stepping ~*~*~tactically~*~*~ (stealth).
  5595 | D:7      | 5595 ||| Stepping ~*~*~tactically~*~*~ (stealth).
  5601 | D:7      | Killed a hornet
  5601 | D:7      | Reached * piety under Okawaru
  5682 | D:7      | 5682 ||| Stepping ~*~*~tactically~*~*~ (hiding).
  5683 | D:7      | 5683 ||| Stepping ~*~*~tactically~*~*~ (hiding).
  5690 | D:7      | Reached skill level 1 in Invocations
  5722 | D:7      | 5722 ||| Stepping ~*~*~tactically~*~*~ (hiding).
  5723 | D:7      | 5723 ||| Stepping ~*~*~tactically~*~*~ (hiding).
  5724 | D:7      | 5724 ||| Stepping ~*~*~tactically~*~*~ (hiding).
  5725 | D:7      | 5725 ||| Stepping ~*~*~tactically~*~*~ (hiding).
  5727 | D:7      | 5727 ||| Stepping ~*~*~tactically~*~*~ (hiding).
  5750 | D:7      | 5750 ||| Stepping ~*~*~tactically~*~*~ (stealth).
  5754 | D:7      | 5754 ||| Stepping ~*~*~tactically~*~*~ (stealth).
  5757 | D:7      | 5757 ||| INVOKING Heroism.
  5800 | D:7      | Identified the +3 leather armour of Hameschev {Regen+ Str+3
                  | Int+3}
  5805 | D:7      | Found a shadowy altar of Dithmenos.
  5809 | D:7      | Found a burning altar of Makhleb.
  5861 | D:7      | 5861 ||| INVOKING Heroism.
  5940 | D:7      | Noticed a cyclops
  5951 | D:7      | Killed a cyclops
  5952 | D:7      | Reached skill level 10 in Axes
  6389 | D:7      | 6389 ||| INVOKING Heroism.
  6420 | D:7      | 6420 ||| UPGRADING to +0 pair of gloves.
  6425 | D:7      | 6425 ||| READING scroll labelled SOIZXU YDIUXZU.
  6656 | D:8      | Identified the +6 quarterstaff of Rewket {heavy, *Slow
                  | Int+3 Dex+6 Stlth+}
  6804 | D:8      | 6804 ||| Stepping ~*~*~tactically~*~*~ (hiding).
  6805 | D:8      | 6805 ||| Stepping ~*~*~tactically~*~*~ (hiding).
  6955 | D:8      | 6955 ||| Stepping ~*~*~tactically~*~*~ (stealth).
  6956 | D:8      | 6956 ||| Stepping ~*~*~tactically~*~*~ (stealth).
  6962 | D:8      | Reached skill level 3 in Invocations
  6962 | D:8      | Reached XP level 10. HP: 63/63 MP: 12/12
  7342 | D:9      | Found Garphoqi's General Store.
  7348 | D:9      | 7348 ||| SHOPLISTING +4 ring of protection (576 gold, have
                  | 323).
  7348 | D:9      | 7348 ||| BUYING scroll of teleportation (48 gold).
  7348 | D:9      | Bought a scroll of teleportation for 48 gold pieces
  7348 | D:9      | 7348 ||| BUYING scroll of teleportation (48 gold).
  7348 | D:9      | Bought a scroll of teleportation for 48 gold pieces
  7422 | D:9      | 7422 ||| INVOKING Heroism.
  7552 | D:9      | Found Sutoplao's General Store.
  7561 | D:9      | 7561 ||| SHOPLISTING +0 acid dragon scales (520 gold, have
                  | 227).
  7561 | D:9      | 7561 ||| BUYING scroll of enchant weapon (97 gold).
  7561 | D:9      | Bought a scroll of enchant weapon for 97 gold pieces
  7561 | D:9      | 7561 ||| READING scroll of enchant weapon.
  7561 | D:9      | 7561 ||| ENCHANTING +2 heavy war axe.
  7689 | D:9      | Found Aschacag's Weapon Emporium.
  8014 | D:9      | 8014 ||| INVOKING Heroism.
  8106 | D:9      | Found a staircase to the Orcish Mines.
  8162 | D:9      | 8162 ||| Stepping ~*~*~tactically~*~*~ (hiding).
  8162 | D:9      | Noticed a two-headed ogre
  8163 | D:9      | 8163 ||| INVOKING Heroism.
  8172 | D:9      | HP: 15/64 [two-headed ogre/+0 giant club (11)]
  8173 | D:9      | 8173 ||| READING 4 scrolls of teleportation.
  8173 | D:9      | Mangled by a two-headed ogre

Levels and vault maps discovered:
D:1:      dpeg_arrival_lava_temple_mockup, layout_basic, patterned_corridor
D:2:      layout_loops_ring, basic_altar
D:3:      layout_loops_corners, serial_shops, nicolae_shop_mannequins,
          grunt_decor_arrowhead
D:4:      layout_rooms, uniq_grinder, uniq_edmund
D:5:      layout_loops_cross, minmay_temple_entry_grid, grunt_decor_cap,
          uniq_blork_the_orc, uniq_sigmund
D:6:      layout_basic, chequers_temple_overflow_statue_of_worship,
          serial_shops, shop, hangedman_decor_lopped, hangedman_decor_slide_cut,
          minmay_misc_feat_tiny
D:7:      layout_basic, gammafunk_temple_overflow_statue, minivault_26,
          minmay_holes
D:8:      layout_loops_ring
D:9:      layout_grid_maze, hiddenorc1_lemuel, serial_shops, shop, shop,
          kennysheep_little_box, shop, kennysheep_generic_room_10
Temple:   bh_familiar_temple

Skill      XL: |  1  2  3  4  5  6  7  8  9 10 |
---------------+-------------------------------+-----
Axes           | 2 3 5 6 7 9 10 | 10.4
Fighting       | 4 6 7 8 |  8.0
Dodging        | 1 |  1.5
Throwing       | 1 |  1.0
Armour         | 5 |  5.2
Shields        | 4 5 |  5.1
Invocations    | 3 4 |  4.1

Action                     |  1- 3 |  4- 6 |  7- 9 | 10-12 || total
---------------------------+-------+-------+-------+-------++-------
  Melee: War axe           |   117 |    62 |   161 |    76 ||   416
  Throw: Boomerang         |       |       |    32 |     7 ||    39
 Invoke: Heroism           |       |       |     3 |     3 ||     6
    Use: Scroll            |    10 |     3 |     9 |     2 ||    24
         Potion            |     2 |     3 |     3 |       ||     8
 Armour: Scale mail        |    43 |       |       |       ||    43
         Chain mail        |    14 |    26 |   142 |    78 ||   260
  Dodge: Dodged            |    45 |    18 |    92 |    52 ||   207
  Block: Buckler           |    16 |     8 |    33 |    25 ||    82

Table legend:
 A = Non-vault XP
 B = Vault XP
 C = Vault XP percentage of total XP
 D = Non-vault monster count
 E = Vault monster count
 F = Vault count percentage of total count
                 A         B        C        D         E       F
            +---------+---------+-------+---------+---------+-------
      Total |    5145 |    1044 |  16.9 |     144 |      21 |  12.7
            +---------+---------+-------+---------+---------+-------
        D:1 |      31 |       0 |   0.0 |      17 |       0 |   0.0
        D:2 |      32 |       0 |   0.0 |      17 |       0 |   0.0
        D:3 |      37 |     162 |  81.4 |      12 |       1 |   7.7
        D:4 |     254 |     267 |  51.2 |      13 |       1 |   7.1
        D:5 |    1119 |     331 |  22.8 |      27 |       2 |   6.9
        D:6 |     218 |       0 |   0.0 |       6 |       0 |   0.0
        D:7 |    1743 |       0 |   0.0 |      26 |       0 |   0.0
        D:8 |     516 |       0 |   0.0 |       8 |       0 |   0.0
        D:9 |    1195 |     284 |  19.2 |      18 |      17 |  48.6
            +---------+---------+-------+---------+---------+-------
